Cogmind - Beta 9.4 @@@ ROGUE MODE // 2020.01.07 @ 00:49:45 Player: DBrickShaw Result: Destroyed by S-27 Virus with Autogun Performance ------------- Evolutions (4) 2000 Regions Visited (10) 2000 Robots Destroyed (74) 370 Value Destroyed (2526) 2526 Prototype IDs (11) 220 Alien Tech Used (0) 0 Bonus (1283) 1283 TOTAL SCORE: 8399 Bonus ------- High Alert Combat Kills 170 Follower Combat Kills 668 Entered Garrisons 200 Used RIF Installer 500 Friendly Fire -255 Cogmind --------- Core Integrity 0/850 Matter 275/300 Energy 82/100 System Corruption 0% Temperature Cool (0) Movement Core (50) Location -6/Lower Caves Parts ------- > --- POWER (2) -------- (None) > --- PROPULSION (5) --- (None) > --- UTILITY (5) ------ Enhanced Optical Array Targeting Computer > --- WEAPON (3) ------- Remote Datajack > --- INVENTORY (4) ---- Angular Momentum Engine Large Storage Unit Phase Cannon Heavy Flak Cannon Peak State ------------ > --- POWER ------------ Cooled Ion Engine Cooled Ion Engine > --- PROPULSION ------- Improved Treads Wheel Armored Wheel Armored Huge Wheel > --- UTILITY ---------- Heat Sink Large Storage Unit Enhanced Optical Array Targeting Computer Hardened Medium Armor Plating > --- WEAPON ----------- Heavy Particle Gun Advanced Beam Rifle Enhanced Autogun > --- INVENTORY -------- Light Nuclear Core Improved Treads Compact Wheel Improved ECM Suite Heavy Particle Gun Advanced Beam Rifle Heavy Assault Rifle Flak Cannon Heavy Rocket Launcher Remote Datajack [Rating: 44] Favorites ----------- Power Cooled Ion Engine Engine Cooled Ion Engine Power Core Light Nuclear Core Propulsion Compact Wheel Treads Improved Treads Leg Armored Leg Wheel Compact Wheel Flight Unit Nuclear Pulse Thruster Utility Heat Sink Device Heat Sink Storage Large Storage Unit Processor Targeting Computer Hackware Relay Coupler [NC] Protection Hardened Medium Armor Plating Weapon Heavy Particle Gun Energy Gun Heavy Particle Gun Energy Cannon Advanced Beam Cannon Ballistic Gun Light Assault Rifle Ballistic Cannon Flak Cannon Launcher Heavy Rocket Launcher Special Weapon Remote Datajack Build | -11 -10 -9 -8 -8 -8 -8 -7 -6 -6 -6 ------- Run | Scr Mat Mat Mat Gar Mat Sto Fac Fac Low Low Slots Evolved 8 | . . 2 2 . . . 2 2 . . Power 1 | . . . . . . . 1 . . . Propulsion 3 | . . 2 . . . . . 1 . . Utility 3 | . . . 2 . . . 1 . . . Weapon 1 | . . . . . . . . 1 . . Parts Attached 107 | 6 9 18 3 7 1 31 6 14 9 3 Power 8 | 1 1 1 . 1 . 2 1 . 1 . Engine 3 | 1 . . . . . 1 1 . . . Core 5 | . 1 1 . 1 . 1 . . 1 . Reactor . | . . . . . . . . . . . Propulsion 28 | 2 1 7 . 1 . 7 2 5 2 1 Treads 9 | . . 4 . 1 . 4 . . . . Leg 1 | . . . . . . . . . 1 . Wheel 17 | 2 1 3 . . . 3 2 5 1 . Hover . | . . . . . . . . . . . Flight 1 | . . . . . . . . . . 1 Utility 27 | 1 2 4 2 2 1 7 2 3 1 2 Device 14 | . . 2 1 2 . 5 1 1 . 2 Storage 3 | 1 1 1 . . . . . . . . Processor 7 | . 1 1 1 . . 1 1 1 1 . Hackware 1 | . . . . . 1 . . . . . Protection 2 | . . . . . . 1 . 1 . . Artifact . | . . . . . . . . . . . Weapon 44 | 2 5 6 1 3 . 15 1 6 5 . Energy Gun 17 | 1 3 . . . . 10 1 2 . . Energy Cannon 6 | . . 3 . 1 . 2 . . . . Ballistic Gun 12 | 1 2 3 1 1 . 1 . 2 1 . Ballistic Cannon 2 | . . . . . . . . 1 1 . Launcher 5 | . . . . 1 . 2 . 1 1 . Special Weapon 2 | . . . . . . . . . 2 . Impact Weapon . | . . . . . . . . . . . Slashing Weapon . | . . . . . . . . . . . Piercing Weapon . | . . . . . . . . . . . Special Melee Weapon . | . . . . . . . . . . . Unidentified Prototypes 7 | . . 1 1 . . 5 . . . . Parts Lost 34 | . 1 4 . 2 . 5 . 6 14 2 Power 3 | . . . . . . 1 . . 2 . Propulsion 13 | . . 1 . 1 . 2 . 2 5 2 Utility 8 | . . 2 . . . 2 . 1 3 . Weapon 10 | . 1 1 . 1 . . . 3 4 . Highest Loss Streak 11 | . 1 3 . 1 . 2 . 6 11 2 Average Slot Usage (%) 90 | . 91 97 81 97 100 99 99 93 55 27 Engine 5 | . 1 . . . . 4 15 13 5 . Core 5 | . 12 10 9 9 9 4 . . 1 . Treads 9 | . . 14 9 13 18 15 7 5 . . Wheel 21 | . 28 29 27 21 18 20 23 21 10 . Device 10 | . . 4 3 16 10 16 15 6 7 1 Storage 8 | . 14 11 9 9 9 9 7 6 3 . Processor 8 | . 5 4 5 9 9 7 6 12 14 13 Hackware 1 | . . . . . 7 2 . . . . Protection 1 | . . . . . . . 7 5 . . Energy Gun 9 | . 14 4 . . . 14 15 12 2 . Energy Cannon 3 | . . 6 9 17 18 2 . . . . Ballistic Gun 3 | . 14 10 9 . . . . 5 2 . Naked Turns . | . . . . . . . . . . . Heaviest Build 51 | 12 15 30 29 31 31 40 49 51 47 7 Greatest Support 72 | 26 32 48 48 48 32 48 48 72 72 8 Greatest Overweight (x) 10 | . . . . . . 1 1 . 10 2 Average Overweight (x) . | . . . . . . . . . . . Largest Inventory Capacity 10 | 6 8 10 10 10 10 10 10 10 10 4 Average Capacity 9 | 5 6 9 10 10 10 10 10 10 7 4 Most Carried 10 | 6 7 10 10 10 10 10 10 10 5 4 Average Carried 8 | 3 5 8 10 9 9 9 9 9 3 4 Final Capacity 10 | 6 8 10 10 10 10 10 10 10 4 4 Final Carried 10 | 6 7 10 10 10 10 9 10 5 4 4 Class Distribution -------------------- 43% | Mutant 40% | Scavenger-Mutant 13% | Gunner Dominant Class ---------------- Mutant | -10/Materials Scavenger-Mutant | -9/Materials Scavenger-Mutant | -8/Materials Scavenger-Mutant | -8/Garrison Scavenger-Mutant | -8/Materials Scavenger-Mutant | -8/Storage Mutant | -7/Factory Gunner | -6/Factory Mutant | -6/Lower Caves Mutant | -6/Lower Caves Resources | -11 -10 -9 -8 -8 -8 -8 -7 -6 -6 -6 ----------- Run | Scr Mat Mat Mat Gar Mat Sto Fac Fac Low Low Matter Collected 1573 | 268 101 217 . 109 10 375 50 72 351 20 Remotely . | . . . . . . . . . . . Salvage Created 2736 | 112 307 564 . 317 56 848 127 237 168 . Parts 138 | 5 16 30 . 17 4 46 8 9 3 . Haulers Intercepted 7 | . . 2 . . . 5 . . . . Recyclers Shooed 4 | . . 1 . . . 3 . . . . Parts Field Recycled . | . . . . . . . . . . . Retrieved Matter . | . . . . . . . . . . . Parts Self-Destructed 7 | . . . . . . . . . 4 3 Prevented . | . . . . . . . . . . . Kills | -11 -10 -9 -8 -8 -8 -8 -7 -6 -6 -6 ------- Run | Scr Mat Mat Mat Gar Mat Sto Fac Fac Low Low Combat Hostiles Destroyed 54 | . 7 9 . 10 1 12 2 8 5 . Guns 25 | . 7 7 . . . 7 2 1 1 . Cannons 13 | . . 2 . 6 1 2 . . 2 . AOE 16 | . . . . 4 . 3 . 7 2 . Classes Destroyed 13 | 2 2 4 . . . 4 1 . . . Worker 2 | . . 2 . . . . . . . . Builder 2 | . . . . . . 1 1 . . . Tunneler 2 | 2 . . . . . . . . . . Hauler 7 | . . 2 . . . 5 . . . . Recycler 4 | 1 1 1 . . . . . 1 . . Drone 1 | . . . . . . 1 . . . . Watcher 2 | . . 1 . . . 1 . . . . Swarmer 11 | . 3 4 . 4 . . . . . . Grunt 23 | . 4 2 . 4 . 7 1 3 2 . Brawler 2 | . . . . . . 1 . . 1 . Protector 1 | . . . . . . 1 . . . . Sentry 13 | . . 3 . 2 1 3 . 3 1 . Hunter 4 | . . . . . . . 1 2 1 . Best Kill Streak 8 | 1 3 5 . 6 1 3 2 8 2 . Combat Bots Only 7 | . 3 4 . 6 1 3 1 7 2 . Max Kills in Single Turn 4 | 1 1 1 . 4 1 2 2 2 1 . Gunslinging . | . . . . . . . . . . . Exploded 4 | . . . . 4 . 1 . 2 1 . Melee . | . . . . . . . . . . . Uniques/NPCs Destroyed . | . . . . . . . . . . . Combat | -11 -10 -9 -8 -8 -8 -8 -7 -6 -6 -6 -------- Run | Scr Mat Mat Mat Gar Mat Sto Fac Fac Low Low Damage Taken 4858 | . 272 539 . 358 . 483 145 1526 1083 452 Core 1155 | . 46 126 . 43 . 58 23 256 431 172 Absorbed by Shields . | . . . . . . . . . . . Core Remaining (%) 85 | 100 81 68 . . . 81 96 . . . Volleys Fired 211 | 8 23 52 . 17 2 58 11 18 21 1 Largest 3 | 2 2 2 . 2 2 2 2 3 3 1 Hottest 141 | 70 70 136 . 136 136 136 116 141 128 30 Shots Fired 411 | 16 46 102 . 34 4 112 22 38 36 1 Gun 274 | 16 46 60 . 1 . 83 22 31 15 . Cannon 121 | . . 42 . 32 4 25 . 1 17 . Launcher 13 | . . . . 1 . 4 . 6 2 . Special 3 | . . . . . . . . . 2 1 Kinetic 125 | 8 23 47 . 1 . 7 . 13 26 . Thermal 270 | 8 23 55 . 32 4 101 22 19 6 . Explosive 13 | . . . . 1 . 4 . 6 2 . Electromagnetic . | . . . . . . . . . . . Robot Hit Streak 21 | 9 10 21 . 8 5 10 8 11 13 1 Robot Miss Streak 4 | 1 3 4 . 3 . 3 2 1 4 . Penetration Max . | . . . . . . . . . . . Secondary Targets 3 | . 2 1 . . . . . . . . Max Gunslinging Chain 1 | . 1 1 . . . . . . . . Shots Hit Robots 266 | 13 30 64 . 22 1 69 15 20 31 1 Core Hits 157 | 5 14 24 . 15 1 44 5 26 23 . Critical Hits 5 | . 1 1 . 1 . 2 . . . . Critical Kills 1 | . 1 . . . . . . . . . Critical Parts Destroyed 4 | . . 1 . 1 . 2 . . . . Melee Attacks . | . . . . . . . . . . . Impact . | . . . . . . . . . . . Slashing . | . . . . . . . . . . . Piercing . | . . . . . . . . . . . Sneak Attacks . | . . . . . . . . . . . Combat Hostiles . | . . . . . . . . . . . Follow-up Attacks . | . . . . . . . . . . . Damage Inflicted 6893 | 129 313 899 . 704 20 1817 323 1883 805 . Guns 2665 | 129 313 364 . 14 . 1029 323 344 149 . Cannons 1543 | . . 535 . 455 20 267 . 7 259 . Explosions 2682 | . . . . 235 . 518 . 1532 397 . Melee . | . . . . . . . . . . . Ramming 3 | . . . . . . 3 . . . . Kinetic 947 | 41 111 239 . 14 . 91 . 146 305 . Thermal 3261 | 88 202 660 . 455 20 1205 323 205 103 . Explosive 2682 | . . . . 235 . 518 . 1532 397 . Electromagnetic . | . . . . . . . . . . . Impact . | . . . . . . . . . . . Slashing . | . . . . . . . . . . . Piercing . | . . . . . . . . . . . Highest Corruption . | . . . . . . . . . . . Average Corruption . | . . . . . . . . . . . Corruption Purged . | . . . . . . . . . . . Overload Shots . | . . . . . . . . . . . Overflow Damage 63 | . . 6 . . . 8 . 24 25 . Projectiles 6 | . . 6 . . . . . . . . Explosions 57 | . . . . . . 8 . 24 25 . Melee . | . . . . . . . . . . . Knockbacks 5 | . . . . . . . . . 5 . Impact . | . . . . . . . . . . . Kinetic 5 | . . . . . . . . . 5 . Secondary . | . . . . . . . . . . . Self-Inflicted Damage 105 | . . . . . . 1 . 102 2 . Shots 3 | . . . . . . . . 2 1 . Rammed 1 | . . . . . . 1 . . . . Targets Rammed 1 | . . . . . . 1 . . . . Kicked . | . . . . . . . . . . . Crushed . | . . . . . . . . . . . Highest Temperature 390 | 70 92 390 . 108 33 300 216 236 15 . Average Temperature 69 | 29 42 95 . 48 12 78 95 72 5 . Received Heat Transfer 1062 | . 84 147 . 171 . 180 36 258 186 . Effects 3 | . . 2 . . . 1 . . . . Energy Bleed 1 | . . . . . . 1 . . . . Interference 2 | . . 2 . . . . . . . . Siege Activations . | . . . . . . . . . . . Robots Corrupted . | . . . . . . . . . . . Combat Hostiles . | . . . . . . . . . . . Parts Fried . | . . . . . . . . . . . Impact Corruptions . | . . . . . . . . . . . Robots Melted . | . . . . . . . . . . . Combat Hostiles . | . . . . . . . . . . . Parts Melted 9 | 1 1 1 . 1 . 2 1 2 . . Heat Transferred 6375 | 259 510 1237 . 814 37 2297 629 407 185 . Parts Sabotaged . | . . . . . . . . . . . Parts Stolen . | . . . . . . . . . . . Parts Stripped . | . . . . . . . . . . . Power Chain Reactions . | . . . . . . . . . . . Missiles Intercepted . | . . . . . . . . . . . Alert | -11 -10 -9 -8 -8 -8 -8 -7 -6 -6 -6 ------- Run | Scr Mat Mat Mat Gar Mat Sto Fac Fac Low Low Peak Influence 1005 | 15 204 277 67 254 319 1005 393 268 . . Average Influence 363 | 6 122 149 67 195 267 755 335 55 . . Maximum Alert Level 3 | . 1 1 . 1 1 3 1 1 . . Low Security (%) 44 | 100 83 84 100 61 12 2 4 89 . . Level 1 24 | . 16 15 . 38 87 4 95 10 . . Level 2 7 | . . . . . . 23 . . . . Level 3 23 | . . . . . . 69 . . . . Level 4 . | . . . . . . . . . . . Level 5 . | . . . . . . . . . . . High Security . | . . . . . . . . . . . Max Security . | . . . . . . . . . . . Squads Dispatched 14 | . 1 2 . . 1 3 3 4 . . Investigation 2 | . . . . . . 1 1 . . . Extermination . | . . . . . . . . . . . Reinforcement 5 | . 1 2 . . . . 1 1 . . Assault 3 | . . . . . 1 2 . . . . Garrison 4 | . . . . . . . 1 3 . . Intercept . | . . . . . . . . . . . Construction Impeded 1 | . . . . . . . . 1 . . Haulers Reinforced . | . . . . . . . . . . . Stealth | -11 -10 -9 -8 -8 -8 -8 -7 -6 -6 -6 --------- Run | Scr Mat Mat Mat Gar Mat Sto Fac Fac Low Low Distress Signals 6 | . 1 1 . . . . 3 1 . . Communications Jammed . | . . . . . . . . . . . Distress Signals . | . . . . . . . . . . . Times Spotted 122 | . 12 15 . 10 1 45 2 11 18 8 Peak Tracking Total 11 | . 3 4 . 5 4 5 1 7 6 11 Tactical Retreats 13 | . 2 2 . . 1 3 . . 2 3 Traps | -11 -10 -9 -8 -8 -8 -8 -7 -6 -6 -6 ------- Run | Scr Mat Mat Mat Gar Mat Sto Fac Fac Low Low Traps Triggered 2 | . . . . 2 . . . . . . Indirectly . | . . . . . . . . . . . Trap Hack Attempts . | . . . . . . . . . . . Triggered . | . . . . . . . . . . . Disarmed . | . . . . . . . . . . . Reprogrammed . | . . . . . . . . . . . Reused . | . . . . . . . . . . . Traps Extracted . | . . . . . . . . . . . Installed . | . . . . . . . . . . . Triggered . | . . . . . . . . . . . Machines | -11 -10 -9 -8 -8 -8 -8 -7 -6 -6 -6 ---------- Run | Scr Mat Mat Mat Gar Mat Sto Fac Fac Low Low Machines Disabled 10 | . . . . . 1 6 . 3 . . Max in Single Turn 1 | . . . . . 1 1 . 1 . . Garrison Access 2 | . . . . . 1 1 . . . . Machines Sabotaged . | . . . . . . . . . . . Garrisons Compromised . | . . . . . . . . . . . Overloaded Fab Kills . | . . . . . . . . . . . Fab Network Shutdowns . | . . . . . . . . . . . Hacking | -11 -10 -9 -8 -8 -8 -8 -7 -6 -6 -6 --------- Run | Scr Mat Mat Mat Gar Mat Sto Fac Fac Low Low Machines Accessed 25 | . 1 3 1 . 1 8 5 5 . 1 Terminals 20 | . 1 2 . . 1 8 5 3 . . Fabricators 1 | . . . . . . . . 1 . . Repair Stations 1 | . . 1 . . . . . . . . Recycling Units . | . . . . . . . . . . . Scanalyzers 1 | . . . . . . . . 1 . . Garrison Access 1 | . . . 1 . . . . . . . Total Hacks 54 | . 2 7 1 . 4 14 12 13 . 1 Successful 31 | . . 4 1 . 2 8 8 7 . 1 Failed 22 | . 2 3 . . 2 6 3 6 . . Catastrophic 3 | . . 1 . . 1 . . 1 . . Database Lockouts 1 | . . . . . . . 1 . . . Manual 23 | . . 4 . . 4 5 8 2 . . Terminals 43 | . 2 4 . . 4 14 12 7 . . Fabricators 1 | . . . . . . . . 1 . . Repair Stations 3 | . . 3 . . . . . . . . Recycling Units . | . . . . . . . . . . . Scanalyzers 5 | . . . . . . . . 5 . . Garrison Access 1 | . . . 1 . . . . . . . Terminal Hacks 16 | . . . . . . 8 6 1 . 1 Record 5 | . . . . . . 1 4 . . . Robot Analysis 1 | . . . . . . . . 1 . . Prototype ID Bank 2 | . . . . . . 1 1 . . . Open Door 4 | . . . . . . 3 . . . 1 Unreport Threat 2 | . . . . . . 1 1 . . . Hauler Manifests 1 | . . . . . . 1 . . . . Zone Layout 1 | . . . . . . 1 . . . . Fabricator Hacks . | . . . . . . . . . . . Repair Station Hacks 2 | . . 2 . . . . . . . . Scan Component 1 | . . 1 . . . . . . . . Repair 1 | . . 1 . . . . . . . . Recycling Unit Hacks . | . . . . . . . . . . . Scanalyzer 5 | . . . . . . . . 5 . . Insert Component 2 | . . . . . . . . 2 . . Analyze 3 | . . . . . . . . 3 . . Garrison Access Hacks 1 | . . . 1 . . . . . . . Unlock Access 1 | . . . 1 . . . . . . . Unauthorized Hacks 16 | . . 5 . . 4 . 4 3 . . Terminals 7 | . . 2 . . 2 . 2 1 . . Track 4 | . . 1 . . 1 . 1 1 . . Operators 3 | . . 1 . . 1 . 1 . . . Fabricators . | . . . . . . . . . . . Repair Stations . | . . . . . . . . . . . Recycling Units . | . . . . . . . . . . . Scanalyzers . | . . . . . . . . . . . Garrison Access . | . . . . . . . . . . . Data Cores Recovered . | . . . . . . . . . . . Used . | . . . . . . . . . . . Hacking Detections 15 | . 1 3 . . 1 3 3 4 . . Full Trace Events 1 | . . . . . . 1 . . . . Feedback Events . | . . . . . . . . . . . Feedback Blocked . | . . . . . . . . . . . Robot Schematics Acquired . | . . . . . . . . . . . Robots Built . | . . . . . . . . . . . Matter . | . . . . . . . . . . . Time . | . . . . . . . . . . . Total Robot Build Rating . | . . . . . . . . . . . Part Schematics Acquired 2 | . . . . . . . . 2 . . Parts Built . | . . . . . . . . . . . Matter . | . . . . . . . . . . . Time . | . . . . . . . . . . . Total Part Build Rating . | . . . . . . . . . . . Parts Repaired 1 | . . 1 . . . . . . . . Time 38 | . . 38 . . . . . . . . Parts Recycled . | . . . . . . . . . . . Recycled Matter . | . . . . . . . . . . . Retrieved Matter . | . . . . . . . . . . . Retrieved Components . | . . . . . . . . . . . Parts Scanalyzed 2 | . . . . . . . . 2 . . Part Schematics Acquired 2 | . . . . . . . . 2 . . Parts Damaged . | . . . . . . . . . . . Bothacking | -11 -10 -9 -8 -8 -8 -8 -7 -6 -6 -6 ------------ Run | Scr Mat Mat Mat Gar Mat Sto Fac Fac Low Low Used RIF Installer 1 | . . . . 1 . . . . . . Robots Hacked 2 | . . . . . . . . . 2 . Non-combat . | . . . . . . . . . . . Combat 2 | . . . . . . . . . 2 . Robot Hacks Applied 2 | . . . . . . . . . 2 . parse_system 2 | . . . . . . . . . 2 . Relay Couplers Released 3 | . . . . . 1 2 . . . . Machine Destruction 3 | . . . . . 1 2 . . . . Attached 1 | . . . . . 1 . . . . . Robots Rewired 1 | . . . . . . . . . 1 . Allies Hacked . | . . . . . . . . . . . Hacks Repelled . | . . . . . . . . . . . Allies | -11 -10 -9 -8 -8 -8 -8 -7 -6 -6 -6 -------- Run | Scr Mat Mat Mat Gar Mat Sto Fac Fac Low Low Total Allies 4 | . . . . . . 3 . . 1 . Largest Group 2 | . . . . . . 2 2 . 1 . Highest-Rated Group 110 | . . . . . . 110 109 . 20 . Highest-Rated Ally 99 | . . . . . . 99 94 . 20 . Total Orders 5 | . . . . . . 4 1 . . . ROAM 1 | . . . . . . 1 . . . . FOLLOW 1 | . . . . . . 1 . . . . EXPLORE 3 | . . . . . . 2 1 . . . Ally Attacks 63 | . . . . . . 58 2 . 3 . Total Damage 1909 | . . . . . . 1828 41 . 40 . Kills 24 | . . . . . . 24 . . . . Allies Corrupted 1 | . . . . . . . 1 . . . Allies Melted 1 | . . . . . . . . . 1 . Intel | -11 -10 -9 -8 -8 -8 -8 -7 -6 -6 -6 ------- Run | Scr Mat Mat Mat Gar Mat Sto Fac Fac Low Low Robot Analysis Total 1 | . . . . . . . . 1 . . Derelict Logs Recovered 2 | . . . . . . . . . 1 1 Drone Launches 12 | . . . . . . 12 . . . . Drone Recoveries . | . . . . . . . . . . . Exploration | -11 -10 -9 -8 -8 -8 -8 -7 -6 -6 -6 ------------- Run | Scr Mat Mat Mat Gar Mat Sto Fac Fac Low Low Turns Passed 4423 | 123 332 673 42 308 148 1277 417 463 518 122 Spaces Moved 3594 | 94 251 451 38 228 109 900 353 401 557 212 Core 570 | 1 . . . . . . . . 360 209 Treads 1 | . . . . . . 1 . . . . Legs . | . . . . . . . . . . . Wheels 3020 | 93 251 451 38 228 109 899 353 401 197 . Hover . | . . . . . . . . . . . Flight 3 | . . . . . . . . . . 3 Fastest Speed 50 | 50 90 93 100 100 100 100 100 90 50 50 Average Speed 92 | 89 91 98 100 100 100 101 101 91 76 53 Slowest Speed 550 | 90 100 100 100 100 100 180 110 97 550 150 Overloaded Moves . | . . . . . . . . . . . Propulsion Burnouts . | . . . . . . . . . . . Robots Hopped . | . . . . . . . . . . . Cave-ins Triggered . | . . . . . . . . . . . Exploration Rate (%) 34 | 4 38 34 5 43 12 93 25 13 72 38 Regions Visited 10 Branch Regions 3 Pre-discovered Areas . | . . . . . . . . . . . Known Exits Taken 1 | . . . 1 . . . . . . . Unknown Exits Taken 8 | 1 1 1 . . 1 1 1 1 1 . Scrap Searched 6 | . . . . . . . . . 4 2 Spaces Dug . | . . . . . . . . . . . Terrain Destroyed 109 | . . . . 6 . 43 . 52 8 . Melee . | . . . . . . . . . . . Projectile 1 | . . . . . . 1 . . . . AOE 108 | . . . . 6 . 42 . 52 8 . Actions | -11 -10 -9 -8 -8 -8 -8 -7 -6 -6 -6 --------- Run | Scr Mat Mat Mat Gar Mat Sto Fac Fac Low Low Total 4336 | 115 314 590 41 272 145 1158 390 469 622 220 Wait 280 | 2 20 49 . 8 25 122 11 30 13 . Move 3583 | 93 250 450 37 226 108 899 352 400 556 212 Hop . | . . . . . . . . . . . Pick Up 43 | 6 4 9 . 1 4 11 3 1 3 1 Fast Attach 42 | 6 1 7 3 1 1 11 2 3 4 3 Attach 23 | . 1 4 . 2 . 4 1 7 4 . Detach 11 | . . 2 . . . 2 1 2 4 . Swap 43 | . 7 7 . 4 . 17 3 4 1 . Drop 68 | . 8 10 1 1 5 27 5 4 4 3 Fire 211 | 8 23 52 . 17 2 58 11 18 21 1 Melee . | . . . . . . . . . . . Ram 1 | . . . . . . 1 . . . . Kick . | . . . . . . . . . . . Crush . | . . . . . . . . . . . Escape Stasis 12 | . . . . 12 . . . . . . Rewire 13 | . . . . . . . 1 . 12 . Trap . | . . . . . . . . . . . Miscellaneous 6 | . . . . . . 6 . . . . Route ------- -11/Scrapyard -10/Materials -9/Materials -8/Materials -8/Garrison -8/Materials -8/Storage (discovered 2 exits: *Fac / [Rec]) -7/Factory -6/Factory -6/Lower Caves -6/Lower Caves History --------- Turn | Location | Event 17 | -11/Scrapyard | Discovered new exit (range 15) 124 | -11/Scrapyard | Entered Materials 300 | -10/Materials | Build established: Mutant 440 | -10/Materials | Discovered new exit (range 6) 456 | -10/Materials | Entered another Materials area 456 | -9/Materials | Evolved 2 slots: Propulsion x2 507 | -9/Materials | Repaired Lgt. Nuclear Core 776 | -9/Materials | Lost 3 parts (1n1u1w) 1122 | -9/Materials | Discovered new exit (range 7) 1129 | -9/Materials | Entered another Materials area 1129 | -8/Materials | Evolved 2 slots: Utility x2 1170 | -8/Materials | Identified exit to Garrison 1171 | -8/Materials | Entered Garrison 1192 | -8/Garrison | Triggered checkpoint 1286 | -8/Garrison | Triggered checkpoint 1360 | -8/Garrison | Triggered checkpoint 1450 | -8/Garrison | Discovered new exit (range 15) 1474 | -8/Garrison | Installed Relay Interface Framework 1479 | -8/Garrison | Entered Materials 1547 | -8/Materials | Build established: Scavenger-Mutant 1565 | -8/Materials | Discovered new exit (range 13) 1627 | -8/Materials | Entered Storage 1687 | -8/Storage | Discovered new exit (range 10) 1812 | -8/Storage | Met 01-MTF 2427 | -8/Storage | First assault squad dispatched 2761 | -8/Storage | Discovered new exit (range 58) 2904 | -8/Storage | Entered Factory 2904 | -7/Factory | Accompanied by 11 allies 2904 | -7/Factory | Evolved 2 slots: Power x1, Utility x1 2909 | -7/Factory | 01-MTF left 3014 | -7/Factory | Garrison activated, responded to threat 3189 | -7/Factory | Central database locked down 3209 | -7/Factory | Build established: Mutant 3309 | -7/Factory | Discovered new exit (range 3) 3321 | -7/Factory | Entered another Factory area 3321 | -6/Factory | Evolved 2 slots: Propulsion x1, Weapon x1 3678 | -6/Factory | Build established: Gunner 3743 | -6/Factory | Spotted B-75 Beast 3757 | -6/Factory | Destroyed 7 combat bots 3774 | -6/Factory | Discovered new exit (range 12) 3784 | -6/Factory | Entered Lower Caves 3794 | -6/Lower Caves | Lost 6 parts (2n1u3w) 3893 | -6/Lower Caves | Spotted B-75 Beast 3994 | -6/Lower Caves | Attracted the attention of an 0b10 outpost 4034 | -6/Lower Caves | Core integrity fell below 50% 4059 | -6/Lower Caves | Lost 11 parts (2p4n1u4w) 4178 | -6/Lower Caves | Attracted the attention of an 0b10 checkpoint 4216 | -6/Lower Caves | Learned Factory interactive machine intel 4233 | -6/Lower Caves | Discovered new exit (range 9) 4276 | -6/Lower Caves | Core integrity fell below 20% 4302 | -6/Lower Caves | Entered another Lower Caves area 4306 | -6/Lower Caves | Learned location of 1 exit from Factory 4314 | -6/Lower Caves | Build established: Mutant 4336 | -6/Lower Caves | Attracted the attention of an 0b10 base 4352 | -6/Lower Caves | Encountered a Warlord checkpoint 4424 | -6/Lower Caves | Destroyed by S-27 Virus with Autogun Last Messages --------------- 04355_ Searching scrap... 04355_ Found 49 Matter. 04355_ Found Mak. Terrain Scan Processor. 04355_ Found Sml. Matter Pod. 04355_ Found Hvy. Flak Cannon. 04356_ Dropped Flak Cannon. 04356_ Acquired Hvy. Flak Cannon. 04356_ S-27 Virus destroyed. 04358_ 3I-FLS(b) destroyed. 04359_ M4-T5V(g) suffers critical hit. 04359_ M4-T5V(g) destroyed. 04389_ Nuclear Pulse Thruster destroyed. 04399_ Arm. Leg destroyed. 04402_ Connecting with WAR.Sys... 04402_ Current location identified: Lower Caves >>Open Door Sealed Heavy Doors opened. 04404_ UP-N6U(b) system offline. 04406_ Acquired Imp. Maneuvering Thrusters. 04419_ Dropped Imp. Maneuvering Thrusters. Map ----- +----------------------------------------------------+ | | | | | | | | | | | | | | | | | ?????????????????????????????????????????????????? | | ?????????????????????????????????????????????????? | | ?????????????????????????????????????????????????? | | ?????????????????????????????????????????????????? | | ?????????????????????????????????????????????????? | | ?????????????????????????????????????????????????? | | ?????????????????????????????????????????????????? | | ?????????????????????????????????????????????????? | | ?????????????????????????????????????????????????? | | ?????????????????????????????#######?????????????? | | ?????????????????????????????#!! !#?????????????? | | ?????????????????????????????#!! ! #?????????????? | | ?????????????????????????????#!! [[#?????????????? | | ?????????????????????????????##! [##?????????????? | | ??????????????????????????????# #?##???????????? | | ??????????????# ## ########### # ##??????????? | | ??????????????# * ## #X# ####?? #???? | | ???? @ ! s!#### ## #???? | | ???? = ###### s #??? #???? | | ???????# ????????????#### #??# #????? | | ???????????????# ###### ### #????????? | | ???????????????# #??????????? | | ???????????????# ##??????????? | | ???????????????##### ## ## #???????????? | | ???????????????????#??# #### #???????????? | | ??????????????????????## ??## # ##???????????? | | ???????????????????????## #???# ###????####????? | | ????????????????????????####??## ##?????# #????? | | ?????????????????????????????## ###???# #????? | | ???????????????????????????### ##?## ###### | | ????????????# ????????????## #?# # | | ????????????# ???????##### #######?# # | | ???????????## ?????## ##??????## "" " "# | | ???????????# ???## #??????## """ "# | | ???????????# ### #??????# "" "" # | | ?????????????# ######## " # | | ?????????###### """" | | ?????????# """"" | | ?????????# ### "" # | | ????????# #### ## ####?## # | | ??????????????# ## #####?????# ## #### | | ?????????????# ####?## #####?????# #?###??? | +----------------------------------------------------+ Best States ------------- Heat Dissipation 51 Energy Generation 23 Energy Capacity 460 Matter Stores 300 Matter Capacity 300 Sight Range 22 Robot Scan Range 13 Terrain Scan Density 10 ECM Strength 2 Armor Coverage 225 Evasion (%) 50 Targeting Accuracy 10 Recoil Reduction 1 Particle Charging 15 Item Schematics ----------------- Hvy. Rocket Launcher | -6/Factory | Scanalyzed Lgt. Nuclear Core | -6/Factory | Scanalyzed Robot Schematics ------------------ None Fabricated ------------ Nothing Alien Tech Used ----------------- None Achievements -------------- A New Friend Backstab Release The Drones! Significant Disruption Challenges ------------ None Game ------ Seed TitaniumStasisCompactor Manual? 0 Play Time 01:21:34 Cumulative 38.6 hours Start 2020.01.06 @ 17:34:22 End 2020.01.07 @ 00:49:45 Sessions 1 Manual Loads 0 Difficulty Rogue Special Mode None Game No. 54 Rogue 54 Adventurer 0 Explorer 0 Win Type - Total 0 Types 0/0/0/0/0/0/0 Lore% 18 Gallery% 35 Achievement% 17 Wizard Run 0 Options --------- ASCII 1 Keyboard 1 Movement Numpad Keybinds 0 Fullscreen 2 Font 18/X11Bold Map View 76x50 Tactical HUD 1 Map Filters NONE Filters NONE Steam 0 RUN: 4f86431e-2988-4344-9612-161f8a0caf2d